AoeStats
← Tomate

Arena

509555015Analyzed
2v2 RM · 7d ago on Sep 27, 2026· 60m 30s· 4 players
Game mode
Random Map
Map size
Medium (4 player)
Population
200
Speed
Normal
Resources
Standard
Victory
Conquest
Starting age
Dark Age
Ending age
Imperial Age
RankedLock teamsTeams togetherTeam positionsShared explorationLock speedFull tech treeHidden civsTurbo modeCheats
Victory
Defeat
🇹🇼 Byzantines · Taiwan
962
+16
🇬🇷 Bulgarians · Greece
903
+20
🇨🇱 Turks · Chile
966
-18
🇨🇱 Spanish · Chile
965
-18
masaoutis
5:00 Loom
11:39 Feudal Age
16:18 Castle Age
14:26 Double-Bit Axe
17:19 Horse Collar
18:04 Heavy Plow
27:23 Gold Mining
27:46 Bow Saw
31:59 Imperial Age
30:25 Bloodlines
30:16 Husbandry
30:11 Fletching
30:32 Forging
30:28 Scale Barding Armor
29:46 Light Cavalry
31:00 Bodkin Arrow
32:02 Chain Barding Armor
32:55 Gold Shaft Mining
33:25 Iron Casting
34:20 Plate Barding Armor
34:49 Conscription
35:35 Blast Furnace
35:49 Hussar
41:48 Stirrups
43:25 Squires
43:11 Gambesons
44:26 Scale Mail Armor
46:09 Pikeman
47:15 Bagains
46:45 Halberdier
50:02 Chain Mail Armor
smilesouthboy
12:09 Feudal Age
14:03 Double-Bit Axe
17:02 Castle Age
14:47 Horse Collar
17:46 Loom
19:30 Wheelbarrow
19:15 Bow Saw
22:17 Hand Cart
22:06 Gold Mining
22:07 Stone Mining
27:18 Heavy Plow
31:15 Imperial Age
28:07 Elite Skirmisher
28:52 Thumb Ring
29:07 Fletching
29:17 Padded Archer Armor
29:31 Scale Barding Armor
29:37 Forging
29:32 Husbandry
30:59 Gold Shaft Mining
31:00 Stone Shaft Mining
30:35 Bodkin Arrow
30:57 Leather Archer Armor
30:53 Treadmill Crane
31:34 Ballistics
31:47 Chain Barding Armor
33:20 Chemistry
32:02 Heavy Camel Rider
35:26 Murder Holes
36:36 Two-Man Saw
36:07 Crop Rotation
37:43 Bracer
38:14 Ring Archer Armor
38:19 Plate Barding Armor
50:55 Cavalier
51:57 Logistica
52:10 Conscription
52:35 Iron Casting
52:24 Elite Cataphract
55:03 Hoardings
Tomate
10:15 Feudal Age
11:47 Loom
15:23 Castle Age
13:53 Double-Bit Axe
13:51 Horse Collar
14:56 Stone Mining
17:58 Wheelbarrow
18:16 Bow Saw
19:19 Heavy Plow
19:41 Fervor
20:58 Husbandry
22:07 Hand Cart
22:48 Bloodlines
23:39 Forging
26:02 Iron Casting
27:44 Stone Mining
27:47 Gold Mining
30:31 Imperial Age
27:49 Town Watch
28:21 Pikeman
29:25 Ballistics
29:13 Scale Barding Armor
28:59 Fletching
29:51 Stone Shaft Mining
30:41 Chain Barding Armor
30:24 Squires
30:11 Gambesons
30:12 Arson
33:33 Chemistry
32:30 Murder Holes
32:23 Cavalier
33:05 Halberdier
35:00 Two-Man Saw
35:07 Blast Furnace
34:07 Scale Mail Armor
34:43 Plate Barding Armor
35:23 Conscription
36:32 Bodkin Arrow
37:44 Caravan
38:01 Chain Mail Armor
38:08 Elite Conquistador
40:03 Plate Mail Armor
39:34 Bracer
42:47 Devotion
42:36 Paladin
53:30 Padded Archer Armor
59:08 Man-at-Arms
nnickk0
10:36 Feudal Age
15:40 Castle Age
13:43 Double-Bit Axe
13:52 Horse Collar
17:39 Wheelbarrow
18:36 Bow Saw
18:59 Stone Mining
19:58 Heavy Plow
22:17 Hand Cart
29:08 Imperial Age
26:59 Gold Mining
29:54 Fletching
30:52 Conscription
31:56 Two-Man Saw
30:54 Loom
30:54 Town Watch
35:19 Husbandry
35:29 Bloodlines
34:44 Elite Janissary
38:14 Gold Shaft Mining
44:24 Heavy Camel Rider
60:00 Thumb Ring
Connection lost

Rejoining the realm…

Still unreachable

The connection could not be restored.

Session expired

The server has moved on; the page needs a fresh start.